 Dungeon Crawl Stone Soup version 0.24.0-125-gc4c63601f3 (webtiles) character file.

Game seed: 14001648837938131116, levelgen mode: deterministic

64 Amplified the Vexing (level 4, -3/37 HPs)
             Began as a Hill Orc Enchanter on Mar 12, 2020.
             Was an Initiate of the Shining One.
             Slain by an iguana (10 damage)
             ... on level 4 of the Dungeon.
             The game lasted 00:04:23 (3019 turns).

Amplified the Vexing (Hill Orc Enchanter)           Turns: 3019, Time: 00:04:24

Health: -3/37      AC:  8    Str: 11    XL:     4   Next: 12%
Magic:  6/6        EV:  8    Int: 15    God:    the Shining One [......]
Gold:   109        SH:  0    Dex: 11    Spells: 5/6 levels left

rFire    . . .     SeeInvis .   n - +0 hand axe
rCold    . . .     Gourm    .   (no shield)
rNeg     . . .     Faith    .   a - +1 scale mail {rPois}
rPois    +         Spirit   .   (no helmet)
rElec    .         Reflect  .   (no cloak)
rCorr    .         Harm     .   g - +0 pair of gloves
MR       .....     Rnd*Tele +   (no boots)
Stlth    ..........             (no amulet)
HPRegen  0.12/turn              j - ring of teleportation (curse)
MPRegen  0.10/turn              (no ring)

@: glowing, heavily drained
A: no striking features
a: Renounce Religion


You were on level 4 of the Dungeon.
You worshipped the Shining One.
The Shining One was noncommittal.
You were not hungry.

You visited 1 branch of the dungeon, and saw 4 of its levels.

You collected 109 gold pieces.

Inventory:

Hand Weapons
 h - a +0 spear
 n - a +0 hand axe (weapon)
Missiles
 e - 192 stones
 i - 8 poisoned darts (quivered)
Armour
 a - a +1 scale mail of poison resistance (worn)
 b - a +0 robe
 g - a +0 pair of gloves (worn)
Jewellery
 j - a cursed ring of teleportation (left hand)
Scrolls
 l - a scroll of fog
 m - a scroll of immolation
Comestibles
 d - 5 rations


   Skills:
 * Level 2.5(1.1) Fighting
   Level 1.0(0.0) Short Blades
 * Level 1.1(0.0) Axes
 - Level 1.0(0.0) Polearms
 * Level 2.3(0.9) Armour
 - Level 1.5(0.2) Dodging
 - Level 2.4(1.0) Stealth
 - Level 1.5(0.2) Spellcasting
 - Level 3.0(1.5) Hexes
 * Level 0.1(0.0) Invocations


You had 5 spell levels left.
You knew the following spells:

 Your Spells              Type           Power        Failure   Level  Hunger
a - Corona                Hex            #......      65%         1    ##.....

Your spell library contained the following spells:

 Spells                   Type           Power        Failure   Level  Hunger
 Ensorcelled Hibernation  Hex/Ice        #.....       87%         2    ###....
 Confuse                  Hex            #.......     95%         3    ####...
 Tukima's Dance           Hex            #.......     95%         3    ####...
 Dazzling Spray           Conj/Hex       #.....       98%         3    ####...


Dungeon Overview and Level Annotations

Branches:
Dungeon (4/15)
 Temple: D:4-7

Altars:
Elyvilon
Qazlal
Trog
Yredelemnul
The Shining One

Annotations:
D:4 2 transporters, Maplein's ghost, amateur OpWn


Message History

The iguana bites you.
* * * LOW HITPOINT WARNING * * *
Unknown command.
You hit the iguana.
The iguana is moderately wounded.
The iguana barely misses you.
Unknown command.
Throwing (i - inventory. (/) - cycle)
i - 9 poisoned darts (quivered)
Press: ? - help, Shift-Dir - straight line, f/p - iguana
Aim: an iguana (moderately wounded)
You throw a poisoned dart.
The poisoned dart completely misses the iguana.
The iguana bites you but does no damage.
Unknown command.
You hit the iguana.
The iguana is moderately wounded.
The iguana bites you.
* * * LOW HITPOINT WARNING * * *
The iguana bites you!
You die...

####............ ..#.
............##.# ....
######....##### #.#.
..........#####
................
######...#######
#######...##### .
................ #.
..##########@..######
#
(..........l........
..........(.........
#############..#####
####


You could see an iguana.

Vanquished Creatures
  2 adders
  A worm (D:2)
  A dart slug (D:4)
  2 leopard geckos
  5 orcs (D:4)
  2 giant cockroaches (D:2)
  4 goblins
  2 hobgoblins
  2 jackals (D:2)
  4 bats
  3 frilled lizards
  3 kobolds
  4 rats
35 creatures vanquished.

Notes
Turn   | Place    | Note
-------+----------+-------------------------------------------
     0 | D:1      | Amplified the Hill Orc Enchanter began the quest for the
                  | Orb.
     0 | D:1      | Reached XP level 1. HP: 14/14 MP: 3/3
   142 | D:1      | Reached skill level 1 in Fighting
   300 | D:1      | Reached skill level 1 in Armour
   351 | D:1      | Reached XP level 2. HP: 16/23 MP: 1/4
  1133 | D:2      | Reached XP level 3. HP: 8/29 MP: 5/5
  1674 | D:2      | Reached skill level 1 in Polearms
  2306 | D:4      | Found a transporter.
  2307 | D:4      | Noticed Maplein's ghost (amateur OpWn)
  2310 | D:4      | Found a transporter.
  2353 | D:4      | Reached skill level 1 in Axes
  2353 | D:4      | Reached XP level 4. HP: 28/37 MP: 6/6
  2723 | D:4      | Found a glowing golden altar of the Shining One.
  2829 | D:4      | Found a basalt altar of Yredelemnul.
  2835 | D:4      | Found a stormy altar of Qazlal.
  2836 | D:4      | Found a bloodstained altar of Trog.
  2838 | D:4      | Found a white marble altar of Elyvilon.
  2909 | D:4      | Became a worshipper of the Shining One
  3019 | D:4      | Slain by an iguana

Levels and vault maps discovered:
D:1:      dpeg_arrival_boxorama, layout_rooms, serial_glass, glass_columns_a,
          glass_columns_a, glass_columns_b, glass_columns_c, glass_columns_b,
          glass_columns_b
D:2:      layout_loops_ring, kennysheep_nub
D:3:      layout_rooms, lemuel_round_altar, first_ration
D:4:      layout_basic, minitemple, marbit_many_paths,
          gammafunk_ghost_mausoleum, uniq_natasha

Skill      XL: |  1  2  3 |
---------------+----------+-----
Fighting       | 1 2 |  2.5
Armour         | 1 2 |  2.3
Polearms       | 1 |  1.0
Axes           | 1 |  1.1
Short Blades   | |  1.0
Dodging        | |  1.5
Stealth        | |  2.4
Spellcasting   | |  1.5
Hexes          | |  3.0
Invocations    | |  0.1

Action                   |  1- 3 |  4- 6 || total
-------------------------+-------+-------++-------
Melee: Dagger            |    57 |       ||    57
       Spear             |    92 |       ||    92
       Hand axe          |    10 |    27 ||    37
Throw: Dart              |     6 |     4 ||    10
 Cast: Corona            |    13 |     1 ||    14
  Use: Scroll            |     5 |     3 ||     8
       Potion            |     5 |     2 ||     7
 Stab: Sleeping          |     3 |       ||     3
  Eat: Chunk             |     4 |     3 ||     7
Armor: Robe              |    25 |       ||    25
       Skin              |    19 |       ||    19
       Scale mail        |     5 |    14 ||    19
Dodge: Dodged            |   105 |     8 ||   113
